 Dungeon Crawl Stone Soup version 0.30.1-11-g7821555f0a (webtiles) character file.

Game seed: 7370913421043011068

2948 lonewolfV2 the Cleaver (level 10, -3/79 HPs)
             Began as a Formicid Fighter on Nov 9, 2023.
             Was a Follower of Okawaru.
             Killed from afar by an electric eel (6 damage)
             ... with a bolt of electricity
             ... on level 7 of the Dungeon.
             The game lasted 00:09:53 (4435 turns).

lonewolfV2 the Cleaver (Formicid Fighter)           Turns: 4435, Time: 00:09:54

Health: -3/79      AC: 16    Str: 24    XL:     10   Next: 7%
Magic:  11/11      EV: 10    Int:  9    God:    Okawaru [*.....]
Gold:   305        SH:  6    Dex: 19    Spells: 9/9 levels left

rFire   . . .        a - +1 war axe (vamp)
rCold   . . .        c - +0 buckler
rNeg    . . .        n - +0 plate armour
rPois   .            (helmet unavailable)
rElec   .            f - +0 cloak
rCorr   .            o - +1 pair of gloves
SInv    +            (no boots)
Will    +....        e - amulet of regeneration Stlth
                     k - +6 ring of dexterity
HPRegen 1.13/turn    (no ring)
MPRegen 0.12/turn

%: no passive effects
@: studying Axes, very slow
A: permanent stasis, dig shafts and tunnels, antennae 3, four strong arms
a: Dig, Shaft Self, Renounce Religion, Heroism


You were on level 7 of the Dungeon.
You worshipped Okawaru.
Okawaru was aware of your devotion.
You visited 2 branches of the dungeon, and saw 8 of its levels.

You collected 305 gold pieces.

Inventory:

Hand Weapons
 a - a +1 vampiric war axe (weapon)
Armour
 c - a +0 buckler (worn)
 f - a +0 cloak (worn)
 n - a +0 plate armour (worn)
 o - a +1 pair of gloves (worn)
Jewellery
 e - an amulet of regeneration (around neck)
 k - a +6 ring of dexterity (left hand)
Wands
 h - a wand of digging (6)
 p - a wand of iceblast (3)
 r - a wand of flame (35)
Scrolls
 g - 3 scrolls of immolation
 j - 2 scrolls of teleportation
 q - a scroll of identify
Potions
 d - 4 potions of might
 i - 2 potions of mutation
 l - 3 potions of curing
 m - a potion of brilliance
 t - 2 potions of resistance


   Skills:
 + Level 7.4 Fighting
 + Level 8.1 Axes
 - Level 6.9 Armour
 * Level 7.7 Dodging
 - Level 4.0 Shields
 + Level 2.3 Invocations


You had 9 spell levels left.
You didn't know any spells.
Your spell library contained the following spells:

 Spells                   Type           Power      Damage    Failure   Level
 Lesser Beckoning         Tloc           0%         N/A       100%        2
 Gell's Gravitas          Tloc           0%         N/A       100%        3
 Ozocubu's Armour         Ice            0%         N/A       100%        3
 Teleport Other           Tloc           0%         N/A       100%        3
 Ozocubu's Refrigeration  Ice            0%         4d7       100%        7


Dungeon Overview and Level Annotations

Branches:
Dungeon (7/15)             Temple (1/1) D:6

Altars:
Ashenzari
Elyvilon
Gozag
Okawaru
Ru
Trog
Vehumet
Wu Jian
Yredelemnul

Shops:
D:2 ?


Innate Abilities, Weirdness & Mutations

You cannot be hasted, slowed, berserked, paralysed or teleported.
You can dig through walls and to a lower floor.
You have a pair of large antennae on your head. (SInv)
Your four strong arms can wield two-handed weapons with a shield.


Message History

* * * LOW HITPOINT WARNING * * *
The bolt of electricity hits you!
* * * LOW HITPOINT WARNING * * *
The bolt of electricity hits the electric eel.
The electric eel completely resists.
You closely miss the electric eel.
The electric eel is almost dead.
You feel much better.
The electric eel shoots out a bolt of lightning at you!
The bolt of electricity hits you! x2
* * * LOW HITPOINT WARNING * * *
The bolt of electricity hits the electric eel.
The electric eel completely resists.
You feel much better.
You slash the electric eel!
You kill the electric eel!
Okawaru accepts your kill.
You hear a splash.
An electric eel comes into view.
The electric eel shoots out a bolt of lightning at you!
The bolt of electricity hits you! x2
The electric eel shoots out a bolt of lightning at you!
The bolt of electricity hits the electric eel.
The electric eel completely resists.
The bolt of electricity hits you!
* * * LOW HITPOINT WARNING * * *
The electric eel shoots out a bolt of lightning at you!
The bolt of electricity hits you.
* * * LOW HITPOINT WARNING * * *
The bolt of electricity hits you!
* * * LOW HITPOINT WARNING * * *
The electric eel shoots out a bolt of lightning at you!
The bolt of electricity hits the electric eel.
The electric eel completely resists.
The bolt of electricity hits you.
* * * LOW HITPOINT WARNING * * *
You see here an electric eel corpse.
You miss the electric eel.
The electric eel shoots out a bolt of lightning at you!
The bolt of electricity hits the electric eel.
The electric eel completely resists.
The bolt of electricity hits you.
You die...

....... # PPP~~PP~P~~~
....... #. ~~~~S~P~~~
##..... #.# ~~~~P~~~♣
#...... #.. ♣~~~~~~~♣♣
##...... #.. ~~~~~~~P
##....... #.# P~~~~♣
##........
#..###♣♣S~P♣~###.....#...
#.....♣@~~~#....##..#...
#####..~♣♣##.######.....
##.......# #....#
######### ###### ## #.
#.. ### #


You could see 2 electric eels.

Vanquished Creatures
  Pikel (D:5)
  The ghost of Psyclone the Conjurer, an amateur DECj of Gozag (D:5)
  2 water moccasins
  An ice beast (D:6)
  3 black bears
  2 ogres
  2 sky beasts
  2 centaurs (D:5)
  A phantom (D:6)
  A scorpion (D:6)
  9 wights
  A howler monkey (D:7)
  An electric eel (D:7)
  2 jellies
  A gnoll bouda (D:6)
  2 hounds
  A sleepcap (D:5)
  2 centaur skeletons (D:5)
  5 iguanas
  An orc wizard (D:3)
  3 gnolls (D:6)
  11 adders
  3 white imps
  2 worms
  A dart slug (D:1)
  19 orcs
  5 bats
  6 endoplasms
  4 giant cockroaches
  4 goblins
  13 hobgoblins
  2 jackals (D:1)
  2 quokkas
  A ball python (D:3)
  3 frilled lizards
  7 kobolds
  5 rats
132 creatures vanquished.

Vanquished Creatures (others)
  A kobold (D:3)
1 creature vanquished.

Grand Total: 133 creatures vanquished

Notes
Turn   | Place    | Note
-------+----------+-------------------------------------------
     0 | D:1      | lonewolfV2 the Formicid Fighter began the quest for the
                  | Orb.
     0 | D:1      | Reached XP level 1. HP: 18/18 MP: 1/1
   104 | D:1      | Reached XP level 2. HP: 24/24 MP: 2/2
   116 | D:1      | Reached skill level 1 in Dodging
   223 | D:1      | Found a faded altar of an unknown god.
   401 | D:1      | Reached XP level 3. HP: 29/29 MP: 3/3
   696 | D:2      | Reached XP level 4. HP: 37/37 MP: 4/4
   719 | D:2      | You fall into a shaft and drop 1 floor!
   859 | D:2      | Found Juymmedeeb's Magic Scroll Boutique.
  1337 | D:3      | Reached XP level 5. HP: 42/42 MP: 5/5
  1609 | D:3      | Identified a scroll of acquirement
  1609 | D:3      | Acquired a manual of Axes
  1718 | D:3      | Found a sacrificial altar of Ru.
  1730 | D:3      | Found a basalt altar of Yredelemnul.
  2025 | D:4      | Noticed a black bear
  2031 | D:4      | Killed a black bear
  2032 | D:4      | Reached XP level 6. HP: 43/49 MP: 6/6
  2159 | D:4      | Reached skill level 3 in Axes
  2200 | D:4      | Found a radiant altar of Vehumet.
  2409 | D:5      | Entered Level 5 of the Dungeon
  2409 | D:5      | Noticed an ogre
  2413 | D:5      | Noticed a sky beast
  2422 | D:4      | Killed an ogre
  2423 | D:4      | Reached XP level 7. HP: 34/55 MP: 7/7
  2444 | D:5      | Reached skill level 5 in Fighting
  2444 | D:5      | Reached skill level 4 in Axes
  2444 | D:5      | Reached skill level 5 in Armour
  2507 | D:5      | Noticed Pikel
  2518 | D:5      | Killed Pikel
  2519 | D:5      | Reached skill level 5 in Axes
  2519 | D:5      | Reached skill level 5 in Dodging
  2519 | D:5      | Reached XP level 8. HP: 53/64 MP: 8/8
  2700 | D:5      | Found a white marble altar of Elyvilon.
  2733 | D:5      | Reached skill level 6 in Axes
  2733 | D:5      | Reached XP level 9. HP: 68/69 MP: 9/9
  2753 | D:5      | Found a runed translucent gate.
  2753 | D:5      | Found a runed translucent gate.
  2753 | D:5      | Found a runed translucent gate.
  2769 | D:5      | Noticed Psyclone's ghost (amateur DECj)
  3055 | D:5      | Killed Psyclone's ghost
  3303 | D:6      | Reached skill level 7 in Axes
  3371 | D:6      | Identified the +0 pair of gloves of the Kangaroo {rCorr
                  | Dex-2 Stlth+}
  3559 | D:6      | Found a staircase to the Ecumenical Temple.
  3603 | Temple   | Entered the Ecumenical Temple
  3673 | Temple   | Became a worshipper of Warmaster Okawaru
  3889 | D:6      | Reached skill level 1 in Invocations
  4158 | D:7      | Reached XP level 10. HP: 79/79 MP: 11/11
  4177 | D:7      | Reached skill level 8 in Axes
  4180 | D:7      | Reached * piety under Okawaru
  4434 | D:7      | HP: 2/79 [electric eel/bolt of electricity (5)]
  4435 | D:7      | Killed from afar by an electric eel

Illustrated notes

Levels and vault maps discovered:
D:1:      dpeg_arrival_windows_large_door, layout_basic,
          ebering_ecumenical_altar_hall
D:2:      layout_rooms, serial_shops, nicolae_shop_tiny_waterfront,
          lightli_corner_chamber
D:3:      layout_basic, mainiacjoe_overflow_big_doors
D:4:      layout_rooms, kennysheep_little_box, minmay_misc_feat_encased
D:5:      layout_cave_pools, elyvilon_altar_1, gammafunk_ghost_necromancy,
          minivault_14, uniq_pikel
D:6:      layout_basic, minmay_temple_entry_ruins, hangedman_decor_opposing
D:7:      layout_cave_pools, serial_bayou_lake_a, uniq_crazy_yiuf_cottage
Temple:   bh_familiar_temple

Skill      XL: |  1  2  3  4  5  6  7  8  9 10 |
---------------+-------------------------------+-----
Dodging        | 1 2 3 4 5 6 7 |  7.7
Armour         | 4 5 6 |  6.9
Fighting       | 4 5 6 7 |  7.4
Axes           | 3 5 6 7 8 |  8.1
Invocations    | 2 |  2.3
Shields        | |  4.0

Action                     |  1- 3 |  4- 6 |  7- 9 | 10-12 || total
---------------------------+-------+-------+-------+-------++-------
  Melee: War axe           |    42 |   135 |   196 |    21 ||   394
Ability: Dig               |       |     1 |       |       ||     1
    Use: Scroll            |     4 |     6 |     5 |       ||    15
         Potion            |       |       |       |     3 ||     3
 Armour: Scale mail        |    13 |       |       |       ||    13
         Chain mail        |     2 |    64 |       |       ||    66
         Plate armour      |       |    37 |   137 |     4 ||   178
  Dodge: Dodged            |    24 |    81 |    89 |     9 ||   203
  Block: Buckler           |    10 |    48 |    64 |     7 ||   129
